AoeStats
← 暴风星云裂

Arena

509385338Analyzed
4v4 RM · 4d ago on Sep 26, 2026· 49m 33s· 8 players
Game mode
Random Map
Map size
Large (8 player)
Population
200
Speed
Normal
Resources
Standard
Victory
Conquest
Starting age
Dark Age
Ending age
Imperial Age
RankedLock teamsTeams togetherTeam positionsShared explorationLock speedFull tech treeHidden civsTurbo modeCheats
Victory
Defeat
🇨🇳 Bengalis · China
1625
+12
1613
+12
🇧🇷 Khmer · Brazil
1436
+20
🇯🇵 Spanish · Japan
1320
+25
🇭🇰 Teutons · Hong Kong SAR China
1634
-22
🇷🇺 Persians · Russia
1514
-17
🇮🇳 Saracens · India
1483
-15
🇨🇳 Burmese · China
1467
-15
苏东坡的粉丝
11:12 Feudal Age
15:22 Castle Age
13:44 Horse Collar
14:32 Gold Mining
16:45 Loom
18:07 Fletching
23:00 Fletching
24:21 Bodkin Arrow
25:24 Wheelbarrow
25:41 Padded Archer Armor
28:00 Ballistics
32:01 Imperial Age
30:33 Manipur Cavalry
31:50 Gold Shaft Mining
33:12 Bracer
34:13 Hand Cart
39:10 Sanctity
39:08 Block Printing
39:09 Stone Mining
42:21 Sanctity
43:04 Illumination
47:04 Redemption
YMK414
8:35 Feudal Age
7:55 Loom
9:23 Double-Bit Axe
10:42 Fletching
22:44 Castle Age
20:58 Gold Mining
23:35 Bodkin Arrow
23:56 Guard Tower
29:40 Imperial Age
28:30 Bow Saw
29:59 Wheelbarrow
31:51 Chemistry
39:03 Pikeman
40:07 Conscription
39:27 Onager
39:50 Halberdier
40:45 Forging
40:36 Scale Mail Armor
42:49 Two-Man Saw
44:34 Iron Casting
44:14 Chain Mail Armor
45:12 Hand Cart
46:54 Blast Furnace
47:20 Plate Mail Armor
NUR
5:06 Loom
10:30 Feudal Age
14:23 Castle Age
12:36 Double-Bit Axe
13:00 Horse Collar
14:56 Wheelbarrow
16:02 Bow Saw
15:55 Heavy Plow
27:30 Fletching
32:34 Gold Mining
32:34 Stone Mining
34:27 Forging
34:23 Scale Barding Armor
35:55 Iron Casting
36:07 Husbandry
36:18 Bloodlines
38:36 Chain Barding Armor
39:54 Hand Cart
40:24 Bodkin Arrow
41:28 Town Watch
42:12 Bimaristan
44:54 Imperial Age
43:19 Masonry
48:07 Imperial Age
xxArMoRxx
10:15 Feudal Age
14:28 Castle Age
13:06 Double-Bit Axe
13:32 Horse Collar
15:33 Bow Saw
18:03 Loom
19:59 Fervor
23:20 Wheelbarrow
23:25 Bloodlines
23:15 Husbandry
23:41 Husbandry
25:18 Scale Barding Armor
25:26 Town Watch
30:37 Imperial Age
29:24 Forging
29:05 Fletching
31:12 Chain Barding Armor
31:28 Iron Casting
30:44 Fletching
31:15 Cavalier
32:38 Conscription
33:55 Plate Barding Armor
36:36 Heavy Plow
37:19 Hoardings
38:01 Blast Furnace
36:56 Bodkin Arrow
37:31 Light Cavalry
39:15 Hand Cart
39:34 Crop Rotation
40:07 Citadels
39:31 Sappers
41:14 Two-Man Saw
40:56 Elite War Elephant
41:59 Gold Mining
42:00 Stone Mining
42:13 Bodkin Arrow
43:23 Coinage
42:54 Caravan
43:42 Gold Shaft Mining
45:04 Chemistry
44:24 Ballistics
44:00 Murder Holes
44:16 Masonry
45:06 Banking
44:46 Guilds
45:27 Scale Mail Armor
45:27 Padded Archer Armor
44:50 Pikeman
45:31 Squires
Ringss12x
9:48 Feudal Age
12:51 Castle Age
11:20 Double-Bit Axe
12:17 Horse Collar
13:59 Wheelbarrow
17:23 Bow Saw
20:09 Hand Cart
21:27 Loom
23:00 Town Watch
23:31 Gold Mining
24:02 Stone Mining
30:37 Imperial Age
29:15 Scale Barding Armor
30:56 Chain Barding Armor
31:32 Bloodlines
31:22 Husbandry
31:20 Elite Ballista Elephant
33:05 Conscription
33:49 Chemistry
33:20 Conscription
34:16 Plate Barding Armor
33:13 Light Cavalry
34:04 Forging
34:29 Conscription
35:00 Hussar
36:56 Iron Casting
36:37 Capped Ram
38:14 Stone Shaft Mining
39:30 Blast Furnace
39:12 Double Crossbow
41:51 Gold Shaft Mining
42:07 Ballistics
42:53 Scale Mail Armor
43:04 Siege Engineers
43:52 Heavy Plow
44:50 Murder Holes
45:06 Masonry
49:57 Architecture
49:37 Fortified Wall
49:17 Heated Shot
暴风星云裂
10:46 Feudal Age
11:03 Loom
14:26 Castle Age
12:27 Double-Bit Axe
17:08 Horse Collar
21:36 Wheelbarrow
23:53 Padded Archer Armor
24:24 Hand Cart
24:19 Town Watch
31:18 Bow Saw
38:01 Imperial Age
35:33 Fletching
35:59 Leather Archer Armor
35:59 Heavy Plow
37:39 Bodkin Arrow
38:34 Thumb Ring
38:32 Gold Mining
40:01 Chemistry
40:45 Conscription
40:34 Pikeman
41:14 Squires
43:18 Ring Archer Armor
42:57 Scale Mail Armor
43:21 Bombard Tower
42:42 Halberdier
43:34 Forging
43:25 Bracer
46:02 Chain Mail Armor
46:23 Iron Casting
48:11 Plate Mail Armor
48:42 Blast Furnace
张宇腾
10:34 Feudal Age
11:37 Double-Bit Axe
14:51 Castle Age
13:22 Horse Collar
15:50 Bow Saw
15:42 Heavy Plow
16:30 Wheelbarrow
18:03 Loom
21:15 Gold Mining
21:15 Stone Mining
22:54 Gold Shaft Mining
25:27 Scale Barding Armor
28:09 Imperial Age
26:01 Forging
26:21 Bloodlines
26:11 Husbandry
27:12 Hand Cart
27:25 Chain Barding Armor
28:08 Iron Casting
28:23 Elite Battle Elephant
29:31 Conscription
29:17 Paiks
30:22 Plate Barding Armor
30:51 Blast Furnace
33:00 Chemistry
32:26 Guilds
33:06 Siege Engineers
35:08 Coinage
36:17 Devotion
36:38 Fletching
36:49 Padded Archer Armor
37:49 Bodkin Arrow
38:17 Ballistics
38:16 Leather Archer Armor
38:59 Bracer
38:25 Elite Elephant Archer
40:09 Ring Archer Armor
40:21 Light Cavalry
自有大儒为我辩经
10:05 Feudal Age
9:31 Loom
15:47 Castle Age
27:39 Double-Bit Axe
Connection lost

Rejoining the realm…

Still unreachable

The connection could not be restored.

Session expired

The server has moved on; the page needs a fresh start.